Unix xNetHack Version 8.0.0 - last build Jun 13 2023 11:06:09 (4b7ecc64c373f7294607d497be3f7ce1783331ac). Game began 2023-06-05 03:25:21, ended 2023-06-24 11:21:54. Phyban, neutral male human Healer .T --------- %.D| #+.....~.| .dQ@Yuu#|.......| ---- |.......| |........ |......<. |....)... --------- Phyban the Embalmer St:18/14 Dx:10 Co:18 In:16 Wi:17 Ch:13 Neutral S:19891 Dlvl:21 $:6134 HP:0(65) Pw:12(49) AC:-14 Xp:6/551 T:34454 Satiated Latest messages: Status of the Elvenking (chaotic, medium): Level 12 HP 2(61) AC 6. What do you want to use or apply? [a-fns-uwxEGKMNPSTWZ or ?*] S In what direction? y Status of the red dragon (chaotic, gigantic): Level 16 HP 146(146) AC -1. The large dog bites the troll. The troll thrusts her bone orcish dagger at the large dog. The troll impales the large dog. The troll claws the large dog. The troll bites the large dog. The large dog is moderately wounded. The troll wields an angled poleaxe! The red dragon bites! The red dragon claws you! The red dragon claws you! The Elvenking swings his elven broadsword. The Elvenking hacks you! The Elvenking swings his elven broadsword. The Elvenking hits you! What do you want to zap? [acefuEGNPTZ or ?*] ? Nothing happens. C drops a chest. The troll wields a two-handed sword! The red dragon bites! The red dragon claws you! The red dragon claws you! The Elvenking swings his elven broadsword. The Elvenking rends you! The Elvenking swings his elven broadsword. The Elvenking slashes you! What do you want to use or apply? [a-fns-uwxEGKMNPSTWZ or ?*] ? Improvise? [ynq] (q) y You start playing your mithril bugle. You extract a loud noise from your mithril bugle. The troll turns to flee. D turns to flee. The large dog turns to flee. E turns to flee. C turns to flee. The troll turns to flee. The red dragon turns to flee. The Elvenking swings his elven broadsword. The Elvenking gashes you! The Elvenking swings his elven broadsword. The Elvenking hacks you! You die... Do you want your possessions identified? [ynq] (y) y Do you want to see your attributes? [ynq] (y) n Do you want an account of creatures vanquished? [ynaq] (y) n Do you want to see your conduct and achievements? [ynq] (y) y Do you want to see the dungeon overview? [ynq] (y) y Inventory: Inventory: 961/975 weight (37/52 slots) Coins $ - 6134 gold pieces {61} Amulets v - an uncursed mithril amulet of reflection (being worn) {14} Weapons D - 17 +0 darts named +0 (at the ready) {17} F - the +0 Sting {10} Armor q - an uncursed +0 mithril dwarvish helm (being worn) {19} i - an uncursed +1 pair of leather gloves (being worn) {8} z - an uncursed +0 pair of speed boots (being worn) {15} B - a blessed +2 small shield named AC3 (being worn) {23} p - an uncursed burnt +0 alchemy smock with text "If you don't like the food, I' l stab yo?" (being worn) {8} l - an uncursed +0 banded mail (being worn) {263} Comestibles h - an uncursed mango {5} j - 4 uncursed meatballs {4} k - an uncursed lizard corpse {10} Spellbooks x - a blessed spellbook of healing (wielded) {35} Rings r - a blessed +1 ring of carrying {3} A - an uncursed ring of free action {3} Wands c - a wand of cold (0:3) {7} T - a wand of digging (0:7) {7} G - a wand of fire (0:0) {7} E - a wand of light (0:1) {7} N - a wand of lightning (0:2) {7} u - a wand of magic missile (0:3) {7} e - a wand of probing (0:8) {7} f - a wand of sleep (0:4) {7} Z - a wand of slow monster named empty (0:0) {7} a - a wand of teleportation (0:0) {7} P - a wand of undead turning (0:6) {7} Tools s - a blessed bag of holding containing 94 items {318} n - an uncursed mithril bugle {5} b - an uncursed leather blindfold {3} d - an uncursed cloth leash {8} t - an uncursed magic lamp (lit) {20} W - an uncursed magic whistle {3} M - an uncursed mirror {13} K - an uncursed skeleton key {3} S - an uncursed mithril stethoscope {2} Gems/Stones o - an uncursed ruby {1} w - an uncursed luckstone {10} Contents of the bag of holding: 10479 gold pieces an uncursed gold amulet of life saving a blessed +3 arrow named +3 a blessed +1 arrow named +3 a +0 arrow named +0 a +3 crossbow bolt named +3 a +0 crossbow bolt named +0 a +0 copper crossbow bolt named +0 a cursed -1 crossbow bolt a +0 elven arrow named +0 a poisoned +0 orcish arrow a +2 dart named +2 a +0 wooden dart a cursed -2 shuriken a -3 dagger named puddingbane a +0 copper dagger a +0 glass dagger 6 +0 silver daggers named +0 a cursed -1 dagger a corrodeproof +0 elven dagger a +1 elven dagger a +0 elven dagger named +0 a blessed +0 copper knife 2 +0 knives 2 +0 mithril knives a +0 platinum knife named +0 a blessed +2 orcish dagger named +2 a +0 bone orcish dagger named +0 a +0 silver axe named +0 a +0 bullwhip named +0 an uncursed +2 pair of silver dwarvish boots an uncursed +0 pair of kicking boots an uncursed +0 mummy wrapping an uncursed clove of garlic 3 uncursed food rations 3 uncursed K-rations 17 uncursed meatballs an uncursed melon an uncursed pancake 2 uncursed tripe rations an uncursed tin of gnome meat an uncursed scroll of amnesia a blessed scroll of charging an uncursed scroll of charging an uncursed scroll of create monster an uncursed scroll of genocide 3 uncursed scrolls of identify an uncursed scroll of light an uncursed scroll of punishment a cursed scroll of remove curse an uncursed scroll of stinking cloud 2 uncursed scrolls of taming a blessed scroll of teleportation 2 uncursed scrolls of teleportation a blessed spellbook of stone to flesh an uncursed potion of gain ability 2 uncursed potions of gain energy an uncursed potion of hallucination a blessed potion of healing an uncursed potion of levitation 2 uncursed potions of object detection a cursed potion of paralysis an uncursed potion of polymorph an uncursed potion of see invisible an uncursed potion of speed a potion of holy water an uncursed ring of free action an uncursed +2 ring of gain strength a cursed ring of hunger a cursed ring of teleportation a wand of cold (0:7) a wand of digging (0:7) a wand of digging named empty (0:0) a wand of digging named empty (0:0) a wand of magic missile (0:4) a wand of probing (0:3) a wand of striking (0:3) a wand of teleportation (0:5) an uncursed mirror an uncursed mithril pea whistle a +0 wooden pick-axe an uncursed towel a +0 unicorn horn 2 uncursed agate stones an uncursed aquamarine stone an uncursed chrysoberyl stone an uncursed diamond an uncursed dilithium crystal an uncursed emerald an uncursed opal an uncursed ruby an uncursed topaz stone 2 uncursed worthless pieces of blue glass an uncursed worthless piece of yellowish brown glass Phyban the Healer's attributes: Background: You were an Embalmer, a level 6 male human Healer. You were neutral, on a mission for Hermes who was opposed by Athena (lawful) and Poseidon (chaotic). You were heterosexual. You were in the Dungeons of Doom, on level 21. You entered the dungeon 34454 turns ago. You had 551 experience points, 89 more were needed to attain level 7. Your score was 19891 before end-of-game adjustments. Basics: You had 0 out of 65 hit points. You had 12 out of 49 energy points (spell power). Your armor class was -14. Your wallet contained 6134 zorkmids, and you had 10479 more stashed away in your pack. Autopickup was off. Final Characteristics: Your strength was 18/14 (limit:18/100). Your dexterity was 10 (limit:18). Your constitution was 18 (limit:18). Your intelligence was 16 (limit:18). Your wisdom was 17 (limit:18). Your charisma was 13 (limit:18). Final Status: You were satiated. You were unencumbered. You were wielding a spellbook. Final Attributes: You were piously aligned. You were fire resistant. You were cold resistant. You were sleep resistant. You were poison resistant. You were acid resistant. Your items were protected from acid. You were telepathic. You had a moderate defense bonus (+9). You were warded. You were very fast. You had reflection. You were very lucky. You had extra luck. Bad luck did not time out for you. Good luck did not time out for you. You are dead. Miscellaneous: You never encountered a bones level. Total elapsed playing time was 2 days, 11 hours, 51 minutes and 11 seconds. Major events: Turn 1: Phyban the neutral male human Healer entered the dungeon 1256: entered the Gnomish Mines 4526: consulted the Oracle 4810: entered Sokoban 5039: completed 1st Sokoban level 5744: completed 2nd Sokoban level 6444: completed 3rd Sokoban level 8714: reached Mine Town 9935: chose a runed dagger to be named "Sting" 10960: completed 4th Sokoban level 11254: acquired the Sokoban amulet of reflection 17182: acquired the Mines' End luckstone 21013: attained the rank of Empiric (level 3) 21714: entered the Bigroom 23147: attained the rank of Embalmer (level 6) 26038: made his first wish - "blessed bag of holding", got "a bag" 34454: killed by an Elvenking Vanquished creatures: 2 queen bees 2 giant mimics an orc-captain a long worm an elven monarch 3 stalkers a water elemental 6 sergeants a warg a winter wolf 10 small mimics a warhorse a troll a sasquatch a gelatinous cube 3 gargoyles 3 tengu a leocrotta an energy vortex a stone giant a wraith an ettin zombie 17 soldiers a watchman a chameleon 2 crocodiles 3 giant beetles a quivering blob 8 wolves 9 winter wolf cubs 3 lynxes a gremlin 4 leprechauns a mountain nymph an iron piercer 6 giant spiders a scorpion 2 horses a black light 2 vampire bats a forest centaur 4 gnome rulers an orc mummy a dwarf mummy an ogre 3 brown puddings 7 Green-elves a rust monster 2 owlbears a yeti a werewolf 4 lizards 2 dingoes a dog a housecat a dwarf leader a blue jelly 2 water nymphs 4 white unicorns a black unicorn a dust vortex 2 ravens 3 plains centaurs a Woodland-elf 5 snakes an ape 6 soldier ants 2 fire ants 2 wood nymphs 6 bugbears 7 Mordor orcs 3 Uruk-hai 9 rock piercers 2 rock moles 2 fog clouds 9 yellow lights a violet fungus 23 gnome leaders 7 gnomish wizards 2 gray oozes a ghoul 2 straw golems a paper golem 12 giant ants 6 floating eyes a kitten 25 dwarves 5 homunculi 6 kobold leaders a kobold shaman a hill orc 13 rothes 2 centipedes 3 giant bats a monkey 8 orc zombies 2 dwarf zombies 2 werejackals 16 iguanas 70 killer bees 5 acid blobs 11 coyotes 3 gas spores 8 hobbits 3 manes 4 large kobolds 6 hobgoblins 8 giant rats 9 cave spiders 2 brown molds 7 yellow molds 5 green molds a red mold 78 gnomes 2 garter snakes 5 gnome zombies 14 geckos 7 jackals 6 foxes 6 kobolds 8 goblins 3 sewer rats 16 grid bugs 4 bats 17 lichens 18 newts 676 creatures vanquished. No species were genocided or became extinct. Voluntary challenges: You read items or engraved 96 times. You never genocided any monsters. You never polymorphed an object. You used 1 wish. You did not wish for any artifacts. You were celibate. You never generated conflict. You violated the special Sokoban rules once. Achievements: You entered a shop. You entered the Gnomish Mines. You entered a temple. You consulted the Oracle of Delphi. You entered Sokoban. You entered Minetown. You completed Sokoban. You completed the Gnomish Mines. You attained the rank of Empiric. You entered the Big Room. You attained the rank of Embalmer. Dungeon overview: The Dungeons of Doom: levels 1 to 21 Level 1: "kitten 3`" Level 2: "x{ `" Some fountains. Level 3: An armor shop, a tree. Stairs down to The Gnomish Mines. Level 4: A general store. Level 5: "2`" A weapon shop. Level 6: Many fountains, many trees. Oracle of Delphi. Level 7: Stairs up to Sokoban, level 6. Level 8: "x{ `loot" A fountain, a sink. Level 9: "vault 2`" Level 10: "vault ` dog" Level 11: A throne. Level 12: "chest 2% n-unicorn" A sink. Summoned by Hippocrates. Portal to The Quest. Level 13: A potion shop. Level 14: Level 15: A very big room. Level 16: "vault" A fountain. Level 17: "x{ cat ` oDr" A temple to Hermes, a fountain. Level 18: "x{" A temple to Hermes, a fountain. Level 19: "x{" A fountain, a sink. Level 20: Level 21: <- You were here. A throne. Final resting place for you, killed by an Elvenking. The Gnomish Mines: levels 4 to 12 Level 4: Level 5: "2`" Level 6: Many shops, a temple, some fountains. Level 7: "(chest pony" Level 8: "(lantern,blindfold" Level 9: "(magic_whistle" Level 10: "(tin whistle, tinOpener" Level 11: Level 12: The Quest: Level 1: Home. Sokoban: levels 6 up to 3 Level 3: "/short =ruby loot" Solved. Level 4: "=clay /copper" Solved. Level 5: "/maple =engagement" Solved. Level 6: "/runed =twisted 3%" Solved. The Tutorial: Level 1: A tree. Game over: __________ / \ / REST \ / IN \ / PEACE \ / \ | Phyban | | 16613 Au | | killed by an | | Elvenking | | | | | | 2023 | *| * * * | * _________)/\\_//(\/(/\)/\//\/|_)_______ Goodbye Phyban the Healer... You died in The Dungeons of Doom on dungeon level 21 with 18335 points, and 16613 pieces of gold, after 34454 moves. You were level 6 with a maximum of 65 hit points when you died.